 Dungeon Crawl Stone Soup version 0.23-a0-490-ge7ea69a (webtiles) character file.

20964 Firecrotchwizard the Severer (level 12, -12/110 HPs)
             Began as a Minotaur Gladiator on Dec 2, 2018.
             Was the Champion of Uskayaw.
             Mangled by a tyrant leech (25 damage)
             ... on level 4 of the Lair of Beasts.
             The game lasted 00:30:12 (15267 turns).

Firecrotchwizard the Severer (Minotaur Gladiator)  Turns: 15267, Time: 00:30:13

Health: -12/110    AC: 20    Str: 24    XL:     12   Next: 50%
Magic:  17/17      EV: 12    Int:  6    God:    Uskayaw [******]
Gold:   1333       SH:  0    Dex: 16    Spells: 11/11 levels left

rFire    . . .     SeeInvis .   C - +1 war axe (chop)
rCold    . . .     Gourm    .   (no shield)
rNeg     . . .     Faith    +   E - +0 chain mail
rPois    +         Spirit   .   c - +2 hat
rElec    .         Reflect  .   w - +1 cloak
rCorr    .         Harm     .   (no gloves)
MR       .....                  S - +1 pair of boots
Stlth    ..........             Q - amulet of faith {Faith, !P}
HPRegen  0.28/turn              l - ring of poison resistance {rPois, !d}
MPRegen  0.15/turn              N - +2 ring of protection

@: mighty
A: retaliatory headbutt, horns 2
a: Stomp, Line Pass, Grand Finale, Renounce Religion


You were on level 4 of the Lair of Beasts.
You worshipped Uskayaw.
Uskayaw was aware of your devotion.
You were not hungry.

You visited 2 branches of the dungeon, and saw 15 of its levels.

You collected 1333 gold pieces.

Inventory:

Hand Weapons
 a - a +0 war axe
 C - a +1 war axe of chopping (weapon)
   (You found it on level 2 of the Lair of Beasts)
 P - a +2 falchion of flaming
   (You took it off a big kobold on level 9 of the Dungeon)
 T - a +3 war axe
   (You found it on level 4 of the Lair of Beasts)
Missiles
 d - 3 throwing nets {=f, !d}
 j - 3 curare-tipped needles
Armour
 c - a +2 hat (worn)
 w - a +1 cloak (worn)
   (You found it on level 2 of the Dungeon)
 E - a +0 chain mail (worn)
   (You found it on level 4 of the Dungeon)
 S - a +1 pair of boots (worn)
   (You found it on level 2 of the Lair of Beasts)
 U - the +5 ring mail of a labyrinth {-Tele rN+ Dex+6, unknown}
   (You found it on level 4 of the Lair of Beasts)

   It affects your dexterity (+6).
   It protects you from negative energy.
   It prevents most forms of teleportation.
Jewellery
 l - a ring of poison resistance (left hand) {rPois, !d}
   (You found it on level 1 of the Dungeon)
 G - an uncursed ring of resist corrosion
   (You found it on level 2 of the Lair of Beasts)
 H - an uncursed ring of protection from fire {rF+, !d}
   (You took it off a centaur on level 8 of the Dungeon)
 J - an uncursed ring of flight {+Fly, !d}
   (You found it on level 8 of the Dungeon)
 N - a +2 ring of protection (right hand)
   (You found it on level 9 of the Dungeon)
 Q - an amulet of faith (around neck) {Faith, !P}
   (You found it on level 10 of the Dungeon)
 R - an uncursed ring of protection from magic {MR+, !d}
   (You found it on level 2 of the Lair of Beasts)
Wands
 e - a wand of flame (29)
   (You found it on level 7 of the Dungeon)
 u - a wand of acid (6)
   (You found it on level 3 of the Lair of Beasts)
 D - a wand of disintegration (15)
   (You found it on level 7 of the Dungeon)
 K - a wand of paralysis (10)
   (You found it on level 3 of the Lair of Beasts)
 L - a wand of random effects (29)
   (You found it on level 9 of the Dungeon)
Scrolls
 g - 2 scrolls of blinking {!r}
 m - a scroll of fear
 o - 11 scrolls of remove curse
 p - 8 scrolls of teleportation
 q - 5 scrolls of magic mapping {!r}
 y - 2 scrolls of amnesia
 B - 2 scrolls of identify
 F - a scroll of enchant weapon
Potions
 b - a potion of ambrosia {unknown}
 h - a potion of mutation {unknown}
 i - 2 potions of magic {unknown}
 k - 2 potions of curing {unknown}
 n - 2 potions of heal wounds {unknown}
 r - 3 potions of flight
 s - 2 potions of resistance {unknown}
 t - 2 potions of cancellation {unknown}
 v - a potion of agility
 x - a potion of brilliance {unknown}
 z - a potion of haste {unknown}
 A - 10 potions of lignification {!q}
 I - 4 potions of might
Miscellaneous
 M - a lamp of fire
   (You found it on level 9 of the Dungeon)
 O - a box of beasts
Comestibles
 f - 36 rations


   Skills:
 + Level 11.5 Fighting
 * Level 15.6 Axes
 - Level 2.0 Throwing
 - Level 9.4 Armour
 + Level 6.6 Dodging
 + Level 9.1 Invocations


You had 11 spell levels left.
You didn't know any spells.
Your spell library contained the following spells:

 Spells                   Type           Power        Failure   Level  Hunger
 Sandblast                Erth           #.....       95%         1    ##.....
 Passwall                 Tmut/Erth      #.......     99%         2    ###....
 Stone Arrow              Conj/Erth      #.....       100%        3    ####...
 Petrify                  Tmut/Erth      #.......     100%        4    #####..
 Lee's Rapid Deconstruct  Erth           #.........   100%        5    ######.


Dungeon Overview and Level Annotations

Branches:
Dungeon (11/15)            Temple (0/1) D:7            Lair (4/6) D:9
  Snake (0/4) Lair:4
  Swamp: Lair:2-4    Shoals: Lair:2-4       Orc: D:9-12

Altars:
Cheibriados
Elyvilon
Fedhas
Makhleb
Nemelex Xobeh
Okawaru
Ru
Sif Muna
Uskayaw
Wu Jian
Xom
Yredelemnul
The Shining One

Portals:
Trove: D:10 (give 8 potions of agility)


Innate Abilities, Weirdness & Mutations

You reflexively headbutt those who attack you in melee.
You have a pair of horns on your head.


Message History

You slash the swamp worm!
The swamp worm bites you but does no damage.
A tyrant leech comes into view.
You barely miss the swamp worm. You headbutt the swamp worm.
The swamp worm closely misses you.
You hit the swamp worm but do no damage.
The swamp worm misses you.
You slash the swamp worm!
The swamp worm bites you but does no damage.
You can now pass through a line of other dancers.
You closely miss the swamp worm.
The swamp worm bites you but does no damage.
You hit the swamp worm. You headbutt the swamp worm. The swamp worm bites you!
You take 16 damage, and have 94/110 hp.
You closely miss the swamp worm. The swamp worm barely misses you.
You furiously retaliate!
You headbutt the swamp worm.
Uskayaw will force your foes to helplessly watch your dance.
Uskayaw prepares the audience for your solo!
The helpless swamp worm fails to defend itself.
You slash the swamp worm!
You kill the swamp worm!
The tyrant leech is no longer paralysed.
The tyrant leech bites you!
The tyrant leech draws strength from your injuries!
You take 15 damage, and have 80/110 hp.
You hit the tyrant leech but do no damage.
You headbutt the tyrant leech! You slash the tyrant leech!
Your headbutt misses the tyrant leech. The tyrant leech bites you.
The tyrant leech draws strength from your injuries!
Uskayaw will force your foes to share their pain.
You take 1 damage, and have 79/110 hp.
You hit the tyrant leech but do no damage.
Your headbutt misses the tyrant leech. You closely miss the tyrant leech.
The tyrant leech bites you!!
The tyrant leech draws strength from your injuries!
You take 19 damage, and have 60/110 hp.
You are too injured to fight recklessly!
You are too injured to fight recklessly!
You are too injured to fight recklessly!
You slash the tyrant leech! Your headbutt misses the tyrant leech.
The tyrant leech bites you!
The tyrant leech draws strength from your injuries!
You take 14 damage, and have 46/110 hp.
You hit the tyrant leech but do no damage.
You closely miss the tyrant leech.
A swamp worm comes into view.
The tyrant leech bites you but does no damage.
Uskayaw links your audience in an emotional bond!
You slice the tyrant leech!!
You can now merge with and destroy a victim.
Okay, then.
You slash the tyrant leech! The tyrant leech bites you!
The tyrant leech draws strength from your injuries!
You take 11 damage, and have 36/110 hp.
You hit the tyrant leech but do no damage.
You headbutt the tyrant leech!
The tyrant leech bites you but does no damage.
You hit the tyrant leech. You closely miss the tyrant leech.
The tyrant leech is no longer sharing its pain.
The tyrant leech bites you but does no damage.
You closely miss the tyrant leech. Your headbutt misses the tyrant leech.
You closely miss the tyrant leech.
You headbutt the tyrant leech, but do no damage.
The tyrant leech bites you!
* * * LOW HITPOINT WARNING * * *
The tyrant leech draws strength from your injuries!
You take 13 damage, and have 24/110 hp.
You closely miss the tyrant leech. You closely miss the tyrant leech.
Your headbutt misses the tyrant leech. The tyrant leech bites you!
* * * LOW HITPOINT WARNING * * *
The tyrant leech draws strength from your injuries!
A tyrant leech comes into view.
You take 7 damage, and have 17/110 hp.
You closely miss the tyrant leech. You headbutt the tyrant leech.
You hit the swamp worm but do no damage.
The swamp worm barely misses you. You furiously retaliate!
You headbutt the swamp worm, but do no damage.
The tyrant leech bites you but does no damage.
You hit the tyrant leech but do no damage.
You slash the swamp worm!
The swamp worm is no longer sharing its pain.
The swamp worm bites you but does no damage.
You slash the swamp worm! You hit the tyrant leech.
The tyrant leech bites you but does no damage.
The swamp worm bites you but does no damage.
You feel very mighty all of a sudden.
The swamp worm bites you but does no damage.
The tyrant leech bites you.
* * * LOW HITPOINT WARNING * * *
The tyrant leech draws strength from your injuries!
You take 5 damage, and have 12/110 hp.
You slash the swamp worm!
You kill the swamp worm!
You hit the tyrant leech. You hit the tyrant leech.
You headbutt the tyrant leech! The tyrant leech bites you!!
You die...

..........#..P...#..
.....................###
...........P..........#.
............##..........
...........#............
.......... .....>.......
.........###............
..........#.............
##....@##............##
#...w###............##
#...# #.#..........###
#...# ####..........#
...w. #.........####
.... ###........# # ...
##.....### # ... ###..##
#P #### #..


You could see 2 tyrant leeches.

Vanquished Creatures
  A hydra (D:9)
  A catoblepas (Lair:3)
  Urug (Lair:1)
  6 elephants (Lair:3)
  3 spiny frogs
  2 gargoyles
  2 black mambas
  2 rime drakes
  4 komodo dragons
  2 trolls (D:10)
  A guardian mummy (D:10)
  2 polar bears
  Grinder (D:3)
  3 tyrant leeches (Lair:4)
  A blink frog (Lair:4)
  2 dream sheep (D:9)
  2 hippogriffs
  Sigmund (D:2)
  A wyvern (D:8)
  2 yaks (D:9)
  A hungry ghost (D:9)
  An acid dragon (D:9)
  7 water moccasins
  4 swamp worms (Lair:4)
  6 porcupines
  2 ice beasts (D:9)
  A sky beast (D:4)
  2 phantoms (D:8)
  4 ogres
  13 wolves
  6 centaurs
  5 crocodiles
  4 big kobolds
  17 bullfrogs
  2 scorpions
  46 killer bees (D:8)
  A howler monkey (D:6)
  2 centaur zombies
  3 crimson imps
  2 bullfrog zombies
  A quasit (D:8)
  3 orc priests
  3 jellies
  5 hounds
  4 bullfrog skeletons
  A centaur skeleton (D:6)
  7 orc wizards
  An iguana (D:9)
  11 worker ants
  2 hound skeletons
  A howler monkey zombie (D:2)
  2 worker ant zombies
  6 gnolls
  9 adders
  A shadow imp (D:6)
  An ooze (D:3)
  An adder zombie (D:6)
  An adder skeleton (D:4)
  3 dart slugs
  2 worms
  10 leopard geckos
  36 orcs
  2 ball pythons
  10 bats
  8 giant cockroaches
  10 goblins
  8 hobgoblins
  A jackal (D:3)
  6 kobolds
  6 quokkas
  A ball python zombie (D:5)
  8 frilled lizards
  A jackal zombie (D:3)
  A leopard gecko zombie (D:6)
  9 rats
351 creatures vanquished.

Vanquished Creatures (others)
  A fungus (Lair:4)
  7 plants (Lair:4)
8 creatures vanquished.

Grand Total: 359 creatures vanquished

Notes
Turn   | Place    | Note
-------+----------+-------------------------------------------
     0 | D:1      | Firecrotchwizard the Minotaur Gladiator began the quest for
                  | the Orb.
     0 | D:1      | Reached XP level 1. HP: 18/18 MP: 0/0
   124 | D:1      | Reached skill level 4 in Axes
   124 | D:1      | Reached XP level 2. HP: 24/25 MP: 1/1
   402 | D:1      | Reached skill level 3 in Fighting
   579 | D:1      | Reached XP level 3. HP: 31/31 MP: 2/2
   798 | D:2      | Found a sacrificial altar of Ru.
   829 | D:2      | Found a hide-covered altar of Uskayaw.
   835 | D:2      | Became a worshipper of Uskayaw the Reveler
   853 | D:2      | Found a snail-covered altar of Cheibriados.
   859 | D:2      | Reached * piety under Uskayaw
   889 | D:2      | Found an iron altar of Okawaru.
   894 | D:2      | Reached ** piety under Uskayaw
  1135 | D:2      | Noticed Sigmund
  1138 | D:2      | Reached skill level 5 in Axes
  1138 | D:2      | Reached XP level 4. HP: 36/38 MP: 3/3
  1498 | D:2      | Killed Sigmund
  1498 | D:2      | Reached skill level 4 in Fighting
  1498 | D:2      | Reached skill level 6 in Axes
  1498 | D:2      | Reached skill level 4 in Dodging
  1498 | D:2      | Reached XP level 5. HP: 30/46 MP: 4/4
  1899 | D:3      | Reached *** piety under Uskayaw
  1937 | D:3      | Reached XP level 6. HP: 52/52 MP: 5/5
  1977 | D:3      | Noticed Grinder
  1987 | D:3      | Killed Grinder
  1987 | D:3      | Reached skill level 7 in Axes
  1987 | D:3      | Reached skill level 1 in Armour
  1987 | D:3      | Reached skill level 1 in Invocations
  2230 | D:3      | Reached XP level 7. HP: 60/60 MP: 7/7
  2431 | D:3      | Reached skill level 5 in Fighting
  2431 | D:3      | Reached skill level 2 in Armour
  2977 | D:4      | Found a white marble altar of Elyvilon.
  3077 | D:4      | Reached skill level 2 in Invocations
  3087 | D:4      | Reached **** piety under Uskayaw
  3111 | D:4      | Found a sparkling altar of Nemelex Xobeh.
  3190 | D:4      | Reached skill level 3 in Armour
  3505 | D:4      | Found a burning altar of Makhleb.
  3555 | D:4      | Reached skill level 8 in Axes
  3568 | D:4      | Reached XP level 8. HP: 42/70 MP: 7/9
  3568 | D:4      | Reached ***** piety under Uskayaw
  3644 | D:4      | Found a blossoming altar of Fedhas.
  3783 | D:4      | Found an ornate altar of the Wu Jian Council.
  3829 | D:5      | Entered Level 5 of the Dungeon
  3883 | D:5      | Reached skill level 3 in Invocations
  4161 | D:5      | Reached skill level 6 in Fighting
  4167 | D:5      | Reached skill level 4 in Armour
  4644 | D:5      | Reached skill level 9 in Axes
  4934 | D:6      | Reached skill level 4 in Invocations
  5934 | D:7      | Reached skill level 5 in Armour
  5991 | D:7      | Reached XP level 9. HP: 74/78 MP: 11/11
  6027 | D:7      | Reached skill level 10 in Axes
  6085 | D:7      | Found a staircase to the Ecumenical Temple.
  6122 | D:7      | Found a basalt altar of Yredelemnul.
  6240 | D:7      | Reached skill level 7 in Fighting
  7148 | D:8      | Reached skill level 5 in Invocations
  7150 | D:8      | Reached skill level 6 in Armour
  7157 | D:8      | Reached skill level 11 in Axes
  7162 | D:8      | Reached ****** piety under Uskayaw
  7336 | D:8      | Reached skill level 8 in Fighting
  7633 | D:8      | Reached XP level 10. HP: 60/88 MP: 13/13
  7656 | D:8      | Reached skill level 7 in Armour
  7667 | D:8      | Reached skill level 6 in Invocations
  7677 | D:8      | Reached skill level 12 in Axes
  8263 | D:8      | Identified the +6 rapier "Death Rattle" {holy, +Inv rN+
                  | Str+5}
  8588 | D:9      | Found a deep blue altar of Sif Muna.
  8612 | D:9      | Found a shimmering altar of Xom.
  8689 | D:9      | Found a glowing golden altar of the Shining One.
  8775 | D:9      | Reached skill level 9 in Fighting
  9001 | D:9      | Found a staircase to the Lair.
  9305 | D:9      | Reached skill level 8 in Armour
  9322 | D:9      | Reached skill level 13 in Axes
  9544 | D:9      | Noticed a three-headed hydra
  9559 | D:9      | Killed a one-headed hydra
  9559 | D:9      | Reached skill level 7 in Invocations
  9559 | D:9      | Reached XP level 11. HP: 56/97 MP: 15/15
  9990 | D:10     | Entered Level 10 of the Dungeon
 10612 | D:10     | Found a portal to a secret trove of treasure.
 11057 | D:10     | Reached skill level 10 in Fighting
 11315 | D:11     | Reached skill level 9 in Armour
 11610 | Lair:1   | Entered Level 1 of the Lair of Beasts
 11712 | Lair:1   | Noticed Urug
 11721 | Lair:1   | Killed Urug
 11731 | Lair:1   | Reached skill level 14 in Axes
 12262 | Lair:2   | Reached skill level 8 in Invocations
 12495 | Lair:2   | Reached skill level 5 in Dodging
 13053 | Lair:3   | Reached XP level 12. HP: 98/108 MP: 17/17
 13058 | Lair:3   | Reached skill level 11 in Fighting
 13068 | Lair:3   | Reached skill level 15 in Axes
 13298 | Lair:3   | Reached skill level 6 in Dodging
 13583 | Lair:3   | Noticed a catoblepas
 13595 | Lair:3   | Killed a catoblepas
 13907 | Lair:3   | Got a sheer robe
 14557 | Lair:4   | Reached skill level 9 in Invocations
 14854 | Lair:4   | Got a distressingly furry ring mail
 15215 | Lair:4   | Found a staircase to the Snake Pit.
 15259 | Lair:4   | HP: 24/110 [tyrant leech (13)]
 15265 | Lair:4   | HP: 12/110 [tyrant leech (5)]
 15267 | Lair:4   | Mangled by a tyrant leech

Vault maps used:
D:1:      psy_arrival_heroes, st_stairs_3
D:2:      minmay_chambers_of_twos, overflow_temple_1_default,
          old_standard_altar, old_standard_altar, okawaru_ov_weapons_minmay,
          uniq_sigmund
D:3:      wad_river_or_something, uniq_grinder
D:4:      overflow_temple_1_default, elyvilon_altar_4,
          fedhas_bush_and_centaur_altar, marbit_many_paths,
          kennysheep_little_box, first_ration
D:5:      minmay_polygon_palace
D:7:      kennysheep_mini, minmay_temple_entry_overgrown, serial_rivers,
          chequers_serial_rivers_marsh, chequers_serial_rivers_micro_b,
          chequers_serial_rivers_small_a, chequers_serial_rivers_large_a
D:8:      wad_woods_minihive
D:9:      xom_butterflies, overflow_temple_1_default, lemuel_round_altar,
          erik_lair_dragon, hangedman_ranch
D:10:     nicolae_trove_entry_path_of_doom
Lair:1:   special_room, uniq_urug
Lair:3:   beast_lair_carwin_5
Lair:4:   swamp_mist, dummy_snake_entry, ebering_ghost_funeral_grove,
          worms_lemuel

Skill      XL: |  1  2  3  4  5  6  7  8  9 10 11 12 |
---------------+-------------------------------------+-----
Axes           | 4 5 6 7 8 9 11 13 14 15 | 15.6
Fighting       | 3 4 5 6 8 9 10 11 | 11.5
Dodging        | 4 5 6 |  6.6
Armour         | 1 3 5 6 8 9 |  9.4
Invocations    | 1 2 4 5 7 8 9 |  9.1
Throwing       | |  2.0

Action                   |  1- 3 |  4- 6 |  7- 9 | 10-12 || total
-------------------------+-------+-------+-------+-------++-------
Melee: War axe           |    59 |       |       |   191 ||   250
       Headbutt          |     9 |     9 |    50 |   107 ||   175
       Hand axe          |     6 |    59 |   330 |   301 ||   696
       Falchion          |       |       |       |    11 ||    11
Invok: Line Pass         |       |     1 |       |     2 ||     3
       Grand Finale      |       |       |       |     1 ||     1
Evoke: Wand              |       |       |       |     2 ||     2
       Lamp of fire      |       |       |       |     1 ||     1
  Use: Scroll            |       |     1 |    16 |     9 ||    26
       Potion            |       |       |       |     2 ||     2
 Stab: Paralysed         |       |     1 |    30 |    36 ||    67
       Distracted        |       |       |     1 |       ||     1
  Eat: Chunk             |     1 |     3 |    13 |    18 ||    35
       Ration            |       |       |     1 |     3 ||     4
Armor: Leather armour    |    18 |       |       |       ||    18
       Ring mail         |       |    11 |       |       ||    11
       Scale mail        |       |     5 |     1 |       ||     6
       Chain mail        |       |       |   146 |   199 ||   345
Dodge: Dodged            |    51 |    42 |   149 |   217 ||   459
       Rpst.: Falchion   |       |       |       |     1 ||     1

Table legend:
 A = Non-vault XP
 B = Vault XP
 C = Vault XP percentage of total XP
 D = Non-vault monster count
 E = Vault monster count
 F = Vault count percentage of total count
                 A         B        C        D         E       F
            +---------+---------+-------+---------+---------+-------
      Total |   19182 |   10767 |  36.0 |     245 |     106 |  30.2
            +---------+---------+-------+---------+---------+-------
        D:1 |      41 |       3 |   6.8 |      21 |       2 |   8.7
        D:2 |      59 |     234 |  79.9 |      14 |       9 |  39.1
        D:3 |     201 |     323 |  61.6 |      21 |      10 |  32.3
        D:4 |     476 |     116 |  19.6 |      26 |       2 |   7.1
        D:5 |     402 |     146 |  26.6 |      21 |       7 |  25.0
        D:6 |     706 |       0 |   0.0 |      24 |       0 |   0.0
        D:7 |     421 |       0 |   0.0 |      13 |       0 |   0.0
        D:8 |    1247 |    2884 |  69.8 |      22 |      46 |  67.6
        D:9 |    1112 |    3348 |  75.1 |      14 |      14 |  50.0
       D:10 |    2492 |     306 |  10.9 |      20 |       1 |   4.8
       D:11 |     424 |       0 |   0.0 |       1 |       0 |   0.0
     Lair:1 |    1954 |     839 |  30.0 |      12 |       1 |   7.7
     Lair:2 |    1747 |       0 |   0.0 |      10 |       0 |   0.0
     Lair:3 |    6113 |    1075 |  15.0 |      19 |       7 |  26.9
     Lair:4 |    1787 |    1493 |  45.5 |       7 |       7 |  50.0
            +---------+---------+-------+---------+---------+-------

Vault maps used:
D:1:      psy_arrival_heroes, st_stairs_3
D:2:      minmay_chambers_of_twos, overflow_temple_1_default,
          old_standard_altar, old_standard_altar, okawaru_ov_weapons_minmay,
          uniq_sigmund
D:3:      wad_river_or_something, uniq_grinder
D:4:      overflow_temple_1_default, elyvilon_altar_4,
          fedhas_bush_and_centaur_altar, marbit_many_paths,
          kennysheep_little_box, first_ration
D:5:      minmay_polygon_palace
D:7:      kennysheep_mini, minmay_temple_entry_overgrown, serial_rivers,
          chequers_serial_rivers_marsh, chequers_serial_rivers_micro_b,
          chequers_serial_rivers_small_a, chequers_serial_rivers_large_a
D:8:      wad_woods_minihive
D:9:      xom_butterflies, overflow_temple_1_default, lemuel_round_altar,
          erik_lair_dragon, hangedman_ranch
D:10:     nicolae_trove_entry_path_of_doom
Lair:1:   special_room, uniq_urug
Lair:3:   beast_lair_carwin_5
Lair:4:   swamp_mist, dummy_snake_entry, ebering_ghost_funeral_grove,
          worms_lemuel

Table legend:
 A = Turns spent in this place as a percentage of turns spent in the entire game.
 B = Non-inter-level travel turns spent in this place as a percentage of non-inter-level travel turns spent in the entire game.
 C = Inter-level travel turns spent in this place as a percentage of turns spent in this place.
 D = Turns resting spent in this place as a percentage of non-inter-level travel turns spent in this place.
 E = Turns spent auto-exploring this place as a percentage of non-inter-level travel turns spent in this place.
 F = Non-inter-level travel turns spent in this place divided by the number of levels of this place that you've seen.
                   A       B       C       D       E      F
               +-------+-------+-------+-------+-------+----------------------
         Total | 100.0 | 100.0 |   3.3 |  32.3 |  53.3 | 984.0
       Dungeon |  76.0 |  75.7 |   3.8 |  30.9 |  55.1 | 1015.3
          Lair |  24.0 |  24.3 |   1.8 |  36.6 |  47.7 | 898.0
               +-------+-------+-------+-------+-------+----------------------

Table legend:
 A = Kills in this place as a percentage of kills in entire the game.
 B = Kills by you in this place as a percentage of kills by you in the entire game.
 C = Kills by friends in this place as a percentage of kills by friends in the entire game.
 D = Other kills in this place as a percentage of other kills in the entire game.
 E = Experience gained in this place as a percentage of experience gained in the entire game.
 F = Experience gained in this place divided by the number of levels of this place that you have seen.
                   A       B       C       D       E      F
               +-------+-------+-------+-------+-------+----------------------
         Total | 100.0 | 100.0 |   N/A |   N/A | 100.0 | 1996.6
       Dungeon |  82.1 |  82.1 |   N/A |   N/A |  49.9 | 1358.3
          Lair |  17.9 |  17.9 |   N/A |   N/A |  50.1 | 3752.0
               +-------+-------+-------+-------+-------+----------------------
